 Dungeon Crawl Stone Soup version 0.27-a0-1334-g2746e35aca (webtiles) character file.

Game seed: 16137930518244919603

11 Gwenloh the Caller (level 2, -5/19 HPs)
             Began as a Barachi Summoner on June 26, 2021.
             Slain by an iguana (10 damage)
             ... on level 1 of the Dungeon.
             The game lasted 00:03:57 (1150 turns).

Gwenloh the Caller (Barachi Summoner)               Turns: 1150, Time: 00:03:57

Health: -5/19      AC:  2    Str:  9    XL:     2   Next: 25%
Magic:  2/5        EV: 12    Int: 15    God:
Gold:   29         SH:  5    Dex: 12    Spells: 3/6 levels left

rFire    . . .     SeeInvis .   g - +0 dagger
rCold    . . .     Faith    .   (no shield)
rNeg     . . .     Spirit   .   a - +0 robe
rPois    .         Reflect  +   (no helmet)
rElec    .         Harm     .   (no cloak)
rCorr    .         Rampage  .   (no gloves)
Will     .....                  (no boots)
Stlth    ++........             h - amulet of reflection
HPRegen  0.06/turn              (no ring)
MPRegen  0.09/turn              (no ring)

@: unable to hop, slow
A: amphibious, slowness 1, strong legs 1, +LOS
a: Hop


You were on level 1 of the Dungeon.
You visited 1 branch of the dungeon, and saw 2 of its levels.

You collected 29 gold pieces.

Inventory:

Hand Weapons
 g - a +0 dagger (weapon)
Missiles
 e - 19 sling bullets
 f - 31 stones (quivered)
Armour
 a - a +0 robe (worn)
 j - a +0 leather armour of cold resistance
Jewellery
 h - an amulet of reflection (around neck)
Scrolls
 b - a scroll of summoning {unknown}
 d - a scroll of amnesia {unknown}
 i - a scroll of noise {unknown}
Potions
 c - 2 potions of flight {unknown}


   Skills:
 + Level 0.0 Armour
 - Level 2.1 Dodging
 - Level 1.7 Stealth
 + Level 2.5 Spellcasting
 * Level 5.2 Summonings


You had 3 spell levels left.
You knew the following spells:

 Your Spells              Type           Power      Damage    Failure   Level
a - Summon Small Mammal   Summ           68%        N/A       2%          1
b - Call Imp              Summ           17%        N/A       3%          2

Your spell library contained the following spells:

 Spells                   Type           Power      Damage    Failure   Level
 Call Canine Familiar     Summ           17%        N/A       8%          3
 Summon Guardian Golem    Hex/Summ       9%         N/A       22%         3
 Summon Ice Beast         Ice/Summ       9%         N/A       56%         4
 Summon Lightning Spire   Summ/Air       9%         N/A       56%         4


Dungeon Overview and Level Annotations

Branches:
Dungeon (2/15)

Altars:

Shops:
D:1 =


Innate Abilities, Weirdness & Mutations

You are amphibious.
You cover ground slowly.
You can hop short distances.
You have an extended range of vision and can be seen from far away.


Message History

Your quokka completely misses the iguana.
Your bat hits the iguana but does no damage.
Your crimson imp hits the iguana.
The iguana barely misses your bat.
Your quokka bites the iguana.
Your bat completely misses the iguana.
Your bat hits the iguana but does no damage.
Your quokka bites the iguana but does no damage.
Your crimson imp closely misses the iguana.
The iguana barely misses your quokka.
Your quokka bites the iguana but does no damage.
Your bat misses the iguana.
Your crimson imp hits the iguana but does no damage.
The iguana closely misses your quokka.
Your quokka bites the iguana.
Your bat hits the iguana but does no damage.
Your crimson imp barely misses the iguana.
Your bat hits the iguana but does no damage.
Your crimson imp hits the iguana but does no damage.
Your bat barely misses the iguana.
Your crimson imp hits the iguana.
Your bat closely misses the iguana.
Your bat hits the iguana.
Your quokka bites the iguana but does no damage.
Your crimson imp blinks!
Your bat closely misses the iguana.
Your crimson imp barely misses the iguana.
Your bat hits the iguana but does no damage.
Your bat hits the iguana.
Your crimson imp hits the iguana but does no damage.
Casting: Summon Small Mammal (safe; 2% risk of failure)
Confirm with . or Enter, or press ? or * to list all spells.
Your quokka bites the iguana but does no damage.
Your crimson imp blinks!
Your quokka barely misses the iguana.
Your bat hits the iguana but does no damage.
Your bat hits the iguana but does no damage. x2
The iguana barely misses your bat.
Your bat hits the iguana but does no damage.
Your legs are too worn out to hop.
Unknown command.
Your bat hits the iguana but does no damage.
The iguana bites you!
Ouch! That really hurt!
You die...

#. ################### #.
#.................# #.
#.###############.# #. ######.#
#...# #. #...##.# #.### #.
#######...##.#############.#####.
...........5rrbl.................
#######...##.###@................
##........##.###..........#######
##....b...##.....................
##.......^######..........#######
.................................
##........##############.########
########## ######### #.##
#.......# #..####### #.......#
##.#......


You could see an iguana (ally target), a friendly crimson imp (summoned), 2
friendly quokkas and a friendly bat (summoned).

Vanquished Creatures
  A ball python (D:1)
  2 frilled lizards (D:1)
  A rat (D:1)
4 creatures vanquished.

Vanquished Creatures (collateral kills)
  3 ball pythons (D:1)
  A bat (D:1)
  An endoplasm (D:1)
  A hobgoblin (D:1)
  A kobold (D:1)
  A quokka (D:1)
  A frilled lizard (D:1)
  2 goblins (D:1)
11 creatures vanquished.

Grand Total: 15 creatures vanquished

Notes
Turn   | Place    | Note
-------+----------+-------------------------------------------
     0 | D:1      | Gwenloh the Barachi Summoner began the quest for the Orb.
     0 | D:1      | Reached XP level 1. HP: 13/13 MP: 3/3
   311 | D:1      | Found Ter Goac's Jewellery Shoppe.
   322 | D:1      | Reached skill level 5 in Summonings
   629 | D:1      | Reached XP level 2. HP: 19/19 MP: 3/5
   672 | D:1      | Learned a level 2 spell: Call Imp
  1150 | D:1      | Slain by an iguana

Illustrated notes

Levels and vault maps discovered:
D:1:      kennysheep_arrival_seaside, layout_basic, serial_shops, shop_fountains
D:2:      layout_rooms, ebering_ecumenical_altar_hall

Skill      XL: |  1 |
---------------+----+-----
Summonings     | 5 |  5.2
Dodging        | |  2.1
Stealth        | |  1.7
Spellcasting   | |  2.5

Action                   || total
-------------------------++-------
Melee: Unarmed           ||    28
       Dagger            ||    20
Throw: Stone             ||     3
 Cast: Summon Small Mamm ||    16
       Call Imp          ||     2
 Abil: Hop               ||     1
 Stab: Distracted        ||     2
Armor: Robe              ||    18
Dodge: Dodged            ||    36
Block: Other             ||     5

Table legend: (Time is in decaauts)
 A = Elapsed time spent in this place.
 B = Non-inter-level travel time spent in this place.
 C = Inter-level travel time spent in this place.
 D = Time resting spent in this place.
 E = Time spent auto-exploring this place.
 F = Levels seen in this place.
 G = Mean time per level.
                   A        B        C        D        E       F      G
               +--------+--------+--------+--------+--------+-----+--------+
         Total |   1265 |   1180 |     85 |    154 |    792 |   2 |  632.5 |
       Dungeon |   1265 |   1180 |     85 |    154 |    792 |   2 |  632.5 |
               +--------+--------+--------+--------+--------+-----+--------+

Top non-repeatable levels by time:
     D:1: 1254 daAuts
     D:2: 10 daAuts
